AoeStats
← Jazzmushroom

Arena

508729006Analyzed
4v4 RM · 8d ago on Sep 23, 2026· 43m 27s· 8 players
Game mode
Random Map
Map size
Large (8 player)
Population
200
Speed
Normal
Resources
Standard
Victory
Conquest
Starting age
Dark Age
Ending age
Imperial Age
RankedLock teamsTeams togetherTeam positionsShared explorationLock speedFull tech treeHidden civsTurbo modeCheats
Victory
Defeat
🇲🇽 Cumans · Mexico
1318
+14
🇺🇸 Danes · United States
1293
+15
🇲🇽 Bulgarians · Mexico
1266
+16
🇲🇽 Muisca · Mexico
1264
+16
🇺🇸 Spanish · United States
1372
-19
🇮🇳 Khmer · India
1254
-15
🇲🇽 Tupi · Mexico
1232
-14
🇩🇪 Lithuanians · Germany
1224
-13
Jazzmushroom
8:18 Loom
10:06 Feudal Age
14:19 Castle Age
12:36 Double-Bit Axe
12:58 Horse Collar
17:39 Bow Saw
17:53 Heavy Plow
19:19 Loom
20:56 Wheelbarrow
22:28 Stone Mining
23:13 Gold Mining
23:54 Hand Cart
27:23 Gold Shaft Mining
30:07 Imperial Age
30:13 Onager
31:56 Chemistry
31:02 Siege Engineers
31:30 Siege Onager
32:15 Northmen's Fury
33:18 Town Watch
36:04 Elite Jomsviking
37:07 Elite Varangian Guard
37:49 Squires
37:34 Gambesons
37:35 Arson
38:19 Forging
38:10 Scale Mail Armor
38:46 Coinage
39:55 Iron Casting
39:38 Chain Mail Armor
40:50 Banking
43:26 Conscription
42:40 Spies/Treason
Caronte
9:29 Feudal Age
13:28 Castle Age
13:45 Loom
13:45 Town Watch
13:54 Fletching
14:35 Bodkin Arrow
30:06 Wheelbarrow
32:39 Double-Bit Axe
37:17 Imperial Age
36:17 Bow Saw
37:50 Hand Cart
40:51 Gold Mining
40:51 Stone Mining
42:07 Horse Collar
44:02 Heavy Plow
El Cachorro
2:26 Loom
10:24 Feudal Age
14:04 Castle Age
12:43 Double-Bit Axe
15:16 Fletching
21:07 Bodkin Arrow
25:30 Bow Saw
25:04 Horse Collar
26:27 Heavy Plow
26:21 Gold Mining
28:39 Wheelbarrow
31:22 Scale Mail Armor
31:25 Squires
34:17 Imperial Age
32:06 Hand Cart
34:01 Chain Mail Armor
33:57 Forging
34:56 Gold Shaft Mining
34:13 Stone Mining
34:26 Elite Temple Guard
35:39 Plate Mail Armor
36:15 Iron Casting
39:52 Crop Rotation
40:23 Two-Man Saw
Diego
1:18 Loom
1:30 Loom
8:46 Feudal Age
9:19 Double-Bit Axe
9:45 Man-at-Arms
14:47 Scale Mail Armor
22:43 Horse Collar
24:56 Gold Mining
26:14 Wheelbarrow
28:34 Forging
33:50 Castle Age
33:54 Capped Ram
35:05 Chain Mail Armor
35:26 Iron Casting
35:14 Hand Cart
35:42 Gold Shaft Mining
35:43 Pikeman
36:24 Squires
45:00 Imperial Age
43:48 Bow Saw
Chloroxid
10:21 Feudal Age
8:56 Loom
14:47 Castle Age
12:48 Double-Bit Axe
13:10 Horse Collar
28:38 Wheelbarrow
28:22 Redemption
31:20 Gold Mining
34:59 Imperial Age
33:25 Bloodlines
33:48 Scale Barding Armor
33:54 Forging
34:39 Hand Cart
34:10 Town Watch
35:35 Sanctity
35:28 Fervor
36:03 Block Printing
38:02 Husbandry
37:58 Cavalier
Klingsor
11:05 Feudal Age
15:07 Castle Age
13:10 Double-Bit Axe
13:06 Horse Collar
13:44 Gold Mining
18:58 Loom
24:26 Wheelbarrow
♚JOKER♚
5:10 Loom
11:03 Feudal Age
11:39 Double-Bit Axe
11:37 Horse Collar
12:57 Gold Mining
17:31 Castle Age
18:52 Bow Saw
18:46 Heavy Plow
20:56 Stone Mining
24:33 Imperial Age
23:12 Wheelbarrow
25:53 Hand Cart
25:57 Bloodlines
29:35 Scale Barding Armor
29:40 Forging
33:16 Iron Casting
Embers1000
10:21 Feudal Age
14:17 Castle Age
12:56 Stone Mining
13:35 Loom
15:35 Horse Collar
16:11 Fortified Wall
Connection lost

Rejoining the realm…

Still unreachable

The connection could not be restored.

Session expired

The server has moved on; the page needs a fresh start.